 Dungeon Crawl Stone Soup version 0.31-a0-963-ga325b22 (webtiles) character file.

Game seed: 16140656773775459003

8 woodyou1119 the Ducker (level 2, 14/14 HPs)
             Began as a Felid Berserker on Oct 24, 2023.
             Was a Follower of Trog.
             Got out of the dungeon alive.
             The game lasted 00:02:11 (266 turns).

woodyou1119 the Ducker (Felid Berserker)             Turns: 266, Time: 00:02:11

Health: 14/14      AC:  1    Str: 13    XL:     2   Next: 0%
Magic:  3/3        EV: 18    Int:  8    God:    Trog [*.....]
Gold:   14         SH:  0    Dex: 15    Spells: 1/1 levels left
                                        Lives:  0   Deaths: 1

rFire   . .          .
                       - Unarmed
rCold   . . .        (shield unavailable)
rNeg    . . .        (body armour unavailable)
rPois   .            (helmet unavailable)
rElec   .            (cloak unavailable)
rCorr   .            (gloves unavailable)
SInv    +            (boots unavailable)
Will    .....        (no amulet)
Stlth   +            (no ring)
HPRegen 0.22/turn    (no ring)
MPRegen 0.08/turn

%: no passive effects
@: quick
A: very small, claws 1, fangs 3, see invisible, speed 1, shaggy fur 1, stealthy
paws, no weapons or thrown items, no armour, multi-lived
a: Renounce Religion, Berserk


You escaped.
You worshipped Trog.
Trog was aware of your devotion.
You visited 1 branch of the dungeon, and saw 1 of its levels.

You collected 14 gold pieces.

Inventory:

Scrolls
 b - a scroll of teleportation {unknown}
Potions
 a - a potion of curing {unknown}


   Skills:
 + Level 3.2 Fighting
 + Level 4.2 Dodging
 + Level 3.2 Unarmed Combat


You had one spell level left.
You didn't know any spells.
Your spell library was empty.

Dungeon Overview and Level Annotations

Branches:
Dungeon (1/15)

Altars:

Shops:
D:1 *


Innate Abilities, Weirdness & Mutations

You have sharp claws.
You have razor-sharp teeth.
You have supernaturally acute eyesight. (SInv)
You cover ground quickly. (Speed+)
You are covered in fur. (AC +1)
Your paws help you pounce on unaware monsters.
You are incapable of wielding weapons or throwing items.
You cannot wear armour.
You gain extra lives every three experience levels.


Message History

The endoplasm is almost dead.
The endoplasm closely misses you.
An endoplasm is nearby!
An endoplasm is nearby!
You scratch the endoplasm.
You kill the endoplasm!
Trog accepts your kill.
You have reached level 2!
Key pressed, stopping explore.
You open the door.
A gnoll comes into view. It is wielding a +0 flail.
The gnoll shouts!
A gnoll is nearby!
A gnoll is nearby!
Found Eseot's General Store.
There is an open door here.
You scratch the gnoll but do no damage. The gnoll barely misses you.
You scratch the gnoll.
The gnoll is moderately wounded.
The gnoll barely misses you.
You scratch the gnoll.
The gnoll is moderately wounded.
The gnoll hits you with a +0 flail!
Ouch! That really hurt!
* * * LOW HITPOINT WARNING * * *
You are too injured to fight recklessly!
You are too injured to fight recklessly!
You are too injured to fight recklessly!
You are too injured to fight recklessly!
You are too injured to fight recklessly!
You are too injured to fight recklessly!
The gnoll attacks as it pursues you! The gnoll barely misses you.
The gnoll attacks as it pursues you! The gnoll hits you with a +0 flail.
You die...
You rejoin the land of the living...
There is an open door here.
You open the door.
There is an open door here.
There is a staircase leading out of the dungeon here.
You have escaped!

#....#####.###.##..###....#
#....#...#...#.###...#....#
#...##.#.###.#.#####.##...#
#.['#..#.....#..####.##'..#
.###..#..######.##......#.#..#
.....#####.. #(#..######.##.#
###..#...#.# #+#'## #....# .#
#..#.#.#.# #...####.#.## .#
#..'.#.#.# +.@.'..#.#.# .#
#..###.#.# #...##.#.#.# .#
#..##....# ##+#+##.#.#.. .#
#..##.######..# #...#####.#
###...#.#......## ##### #..#
......'##.####..# #+..#.#
##.....##.#####.# ##...#.#
#...)..#...###.# #....#.#
#......###..##.## ###....#.#


There were no monsters in sight!

Vanquished Creatures
  2 endoplasms (D:1)
  A goblin (D:1)
  2 hobgoblins (D:1)
  A bat (D:1)
  A frilled lizard (D:1)
7 creatures vanquished.

Notes
Turn   | Place    | Note
-------+----------+-------------------------------------------
     0 | D:1      | woodyou1119 the Felid Berserker began the quest for the
                  | Orb.
     0 | D:1      | Reached XP level 1. HP: 10/10 MP: 2/2
   230 | D:1      | Reached XP level 2. HP: 14/14 MP: 3/3
   238 | D:1      | Found Eseot's General Store.
   243 | D:1      | Slain by a gnoll
   266 | D:$      | Got out of the dungeon alive.

Illustrated notes

Levels and vault maps discovered:
D:1:      nicolae_arrival_somewhat_less_tricky_arrival, layout_basic,
          serial_shops, nicolae_shop_rolling_square

Action                     || total
---------------------------++-------
  Melee: Unarmed           ||    13
         Bite              ||     2
   Stab: Sleeping          ||     1
 Armour: Skin              ||     2
  Dodge: Dodged            ||     9

Table legend: (Time is in decaauts)
 A = Elapsed time spent in this place.
 B = Non-inter-level travel time spent in this place.
 C = Inter-level travel time spent in this place.
 D = Time resting spent in this place.
 E = Time spent auto-exploring this place.
 F = Levels seen in this place.
 G = Mean time per level.
                   A        B        C        D        E       F      G
               +--------+--------+--------+--------+--------+-----+--------+
         Total |    218 |    201 |     17 |      0 |    156 |   1 |  218.0 |
       Dungeon |    218 |    201 |     17 |      0 |    156 |   1 |  218.0 |
               +--------+--------+--------+--------+--------+-----+--------+

Top non-repeatable levels by time:
     D:1: 218 daAuts
